 Dungeon Crawl Stone Soup version 0.20.0-8-g6b59dc7 (webtiles) character file.

1547 Inarius the Stinger (level 8, -2/52 HPs)
             Began as a Green Draconian Venom Mage on June 1, 2017.
             Was a Follower of Hepliaklqana.
             Killed from afar by lauthentik's ghost (5 damage)
             ... with a magic dart
             ... on level 6 of the Dungeon.
             The game lasted 00:22:35 (6479 turns).

Inarius the Stinger (Green Draconian Venom Mage)    Turns: 6479, Time: 00:22:35

Health: -2/52      AC:  6    Str: 11    XL:     8   Next: 57%
Magic:  16/16      EV: 13    Int: 20    God:    Hepliaklqana [*.....]
Gold:   85         SH:  0    Dex: 11    Spells: 11/18 levels left

rFire    . . .     SeeInvis .   b - +0 flail (holy)
rCold    + . .     Gourm    .   (no shield)
rNeg     . . .     Faith    .   (armour unavailable)
rPois    +         Spirit   .   (helmet restricted)
rElec    .         Reflect  .   y - scarf {cloud immunity}
rCorr    .         Harm     .   (no gloves)
MR       .....                  (no boots)
Stlth    ++........             e - amulet of magic regeneration (curse)
Regen    0.2/turn               q - ring of protection from cold
MPRegen  0.3/turn               (no ring)

@: no status effects
A: breathe noxious fumes, unfitting armour, reduced essence, horns 1, blink,
clever 1, poison resistance, cold-blooded, AC +6
a: Breathe Noxious Fumes, Blink, Recall Ancestor, Ancestor Identity, Renounce
Religion


You were on level 6 of the Dungeon.
You worshipped Hepliaklqana.
Hepliaklqana was aware of your devotion.
You were not hungry.

You visited 1 branch of the dungeon, and saw 6 of its levels.

You collected 277 gold pieces.
You spent 192 gold pieces at shops.

Inventory:

Hand Weapons
 a - a +4 rapier of protection
 b - a +0 flail of holy wrath (weapon)
Armour
 y - a scarf of cloud immunity (worn)
Jewellery
 e - a cursed amulet of magic regeneration (around neck)
 q - a ring of protection from cold (left hand)
Wands
 x - a wand of enslavement (14/24)
 A - a wand of disintegration (8/24)
Scrolls
 c - 3 scrolls of remove curse {unknown}
 d - 3 scrolls of blinking
 g - 2 scrolls of enchant armour
 h - 4 scrolls of teleportation {unknown}
 j - a scroll of recharging
 k - a scroll of enchant weapon {unknown}
 m - 2 scrolls of fear {unknown}
 n - 2 scrolls of magic mapping
 s - 2 scrolls of amnesia {unknown}
 t - a scroll of random uselessness {unknown}
Potions
 f - a potion of mutation
 o - a potion of heal wounds
 p - 2 potions of curing
 r - a potion of flight {unknown}
Books
 i - a Young Poisoner's Handbook

   Spells                             Type                      Level
   a - Sting                          Conjuration/Poison           1
   b - Poisonous Vapours              Poison/Air                   2
   c - Mephitic Cloud                 Conjuration/Poison/Air       3
   d - Olgreb's Toxic Radiance        Poison                       4
   e - Venom Bolt                     Conjuration/Poison           5
Comestibles
 l - 2 meat rations
 u - a fruit
 v - 2 royal jellies
 w - 3 bread rations
 z - a chunk of flesh


   Skills:
 + Level 0.7 Fighting
 + Level 0.2 Short Blades
   Level 0.2 Long Blades
 - Level 1.0 Maces & Flails
 * Level 3.6 Dodging
 - Level 1.7 Stealth
 * Level 5.5 Spellcasting
 * Level 3.6 Conjurations
 * Level 3.9 Air Magic
 + Level 6.5 Poison Magic
 * Level 3.6 Invocations
 * Level 1.4 Evocations


You had 11 spell levels left.
You knew the following spells:

 Your Spells              Type           Power        Failure   Level  Hunger
a - Sting                 Conj/Pois      ####         1%          1    None
b - Poisonous Vapours     Pois/Air       ####..       1%          2    None
c - Olgreb's Toxic Radia  Pois           ####....     8%          4    ####...


Dungeon Overview and Level Annotations

Branches:
Dungeon (6/15)             Temple (0/1) D:4

Altars:
Fedhas
Hepliaklqana
Vehumet
Yredelemnul

Shops:
D:5 [

Annotations:
D:3 Grinder
D:6 lauthentik's ghost, novice DrCj


Innate Abilities, Weirdness & Mutations

You can breathe blasts of noxious fumes.
Your lurid green scales are hard. (AC +6)
You cannot fit into any form of body armour.
Your system is resistant to poisons. (rPois)
You are cold-blooded and may be slowed by cold attacks.
Your life essence is reduced. (-10% HP)
You have a pair of small horns on your head.
You can translocate small distances at will.
Your mind is acute. (Int +2)


Message History

Onaxys misses lauthentik's ghost.
You closely miss lauthentik's ghost.
Lauthentik's ghost is lightly damaged.
Lauthentik's ghost barely misses you.
Onaxys hits lauthentik's ghost but does no damage.
Lauthentik's ghost casts a spell at you.
The magic dart hits you!
* * * LOW HITPOINT WARNING * * *
Onaxys closely misses lauthentik's ghost.
Lauthentik's ghost gestures at you while chanting.
The magic dart hits Onaxys.
Onaxys hits lauthentik's ghost but does no damage.
Lauthentik's ghost hits Onaxys!
Onaxys hits lauthentik's ghost.
Lauthentik's ghost points at you and mumbles some strange words.
The magic dart hits Onaxys.
Onaxys is destroyed!
You don't have enough health at the moment.
Lauthentik's ghost gestures at you while chanting.
The magic dart hits you!
You die...

+......# #......#
#......######
####......)..#
#####..#.........#
##......#.........#
........#.........#
........#.).......#
+##....#@.W......#
#.................#
....#...#.........#
... ##.###........#
. #.. #.........#
..._...........#
..#...#.........#
..###.###........#
.. [...


You could see lauthentik's ghost.

Vanquished Creatures
  A hippogriff (D:5)
  Duvessa (D:6)
  4 ogres
  Blork the orc (D:5)
  A bullfrog (D:5)
  A scorpion (D:4)
  Dowan (D:6)
  A crimson imp (D:5)
  A hound (D:5)
  A bullfrog skeleton (D:4)
  Jessica (D:2)
  An iguana (D:5)
  4 worker ants (D:4)
  A hound skeleton (D:4)
  3 gnolls (D:4)
  4 adders
  2 shadow imps
  An ooze (D:2)
  An adder skeleton (D:5)
  3 worms
  5 orcs
  6 bats
  5 giant cockroaches
  4 goblins
  8 hobgoblins
  2 jackals (D:5)
  A quokka (D:4)
  4 frilled lizards
  4 kobolds
  2 leopard gecko skeletons (D:4)
  A quokka zombie (D:5)
  7 rats
  A spectral orc (D:2)
84 creatures vanquished.

Vanquished Creatures (collateral kills)
  A phantom (D:6)
  A centaur (D:5)
  A crimson imp (D:5)
  2 hounds
  A hound skeleton (D:5)
  2 adders (D:4)
  A gnoll (D:4)
  A leopard gecko (D:4)
  2 orcs (D:4)
  A jackal (D:5)
  A jackal skeleton (D:4)
  A quokka skeleton (D:6)
15 creatures vanquished.

Vanquished Creatures (others)
  2 ancestors
2 creatures vanquished.

Grand Total: 101 creatures vanquished

Notes
Turn   | Place    | Note
-------+----------+-------------------------------------------
     0 | D:1      | Inarius the Draconian Venom Mage began the quest for the Orb.
     0 | D:1      | Reached XP level 1. HP: 14/14 MP: 3/3
   480 | D:1      | Reached XP level 2. HP: 20/20 MP: 5/5
   486 | D:1      | Learned a level 2 spell: Poisonous Vapours
   942 | D:2      | Found a basalt altar of Yredelemnul.
  1416 | D:2      | Reached XP level 3. HP: 26/26 MP: 0/6
  1537 | D:2      | Noticed Jessica
  1546 | D:2      | Killed Jessica
  1710 | D:2      | Reached XP level 4. HP: 32/34 MP: 5/8
  2379 | D:3      | Noticed Grinder
  2556 | D:3      | Learned a level 4 spell: Olgreb's Toxic Radiance
  2817 | D:3      | Reached skill level 1 in Air Magic
  3358 | D:3      | Found a hazy altar of Hepliaklqana.
  3364 | D:3      | Became a worshipper of Hepliaklqana the Forgotten
  3430 | D:3      | Gained mutation: You are dopey. (Int -2) [potion of mutation]
  3430 | D:3      | Lost mutation: You are dopey. (Int -2) [potion of mutation]
  3430 | D:3      | Gained mutation: Your flesh is cold resistant. (rC+) [potion of mutation]
  3430 | D:3      | Gained mutation: You can translocate small distances at will. [potion of mutation]
  3689 | D:4      | Reached skill level 4 in Poison Magic
  3689 | D:4      | Reached XP level 5. HP: 35/35 MP: 2/9
  3770 | D:4      | Noticed an ogre
  3781 | D:4      | Killed an ogre
  3880 | D:4      | Reached skill level 1 in Invocations
  3880 | D:4      | Reached XP level 6. HP: 41/41 MP: 5/11
  4423 | D:4      | Your scales start taking on a lurid green colour.
  4423 | D:4      | Reached skill level 5 in Poison Magic
  4423 | D:4      | Reached XP level 7. HP: 45/45 MP: 0/13
  4423 | D:4      | Gained mutation: Your system is resistant to poisons. (rPois) [Green Draconian growth]
  4649 | D:4      | Found a staircase to the Ecumenical Temple.
  5206 | D:5      | Entered Level 5 of the Dungeon
  5241 | D:5      | Reached * piety under Hepliaklqana
  5351 | D:5      | Noticed a hippogriff
  5358 | D:5      | Killed a hippogriff
  5358 | D:5      | Reached skill level 6 in Poison Magic
  5417 | D:5      | Lost mutation: Your flesh is cold resistant. (rC+) [potion of mutation]
  5417 | D:5      | Lost mutation: You can translocate small distances at will. [potion of mutation]
  5417 | D:5      | Gained mutation: Your tail ends in a poisonous barb. [potion of mutation]
  5417 | D:5      | Gained mutation: You have large cloven feet. [potion of mutation]
  5417 | D:5      | Gained mutation: Your mind is acute. (Int +2) [potion of mutation]
  5437 | D:5      | Noticed Blork the orc
  5443 | D:5      | Killed Blork the orc
  5489 | D:5      | Reached skill level 1 in Maces & Flails
  5489 | D:5      | Reached XP level 8. HP: 42/52 MP: 3/15
  5743 | D:5      | Reached skill level 5 in Spellcasting
  6025 | D:5      | Found Aryw's Antique Armour Boutique.
  6044 | D:5      | Bought a runed scarf for 192 gold pieces
  6067 | D:5      | Found a blossoming altar of Fedhas.
  6393 | D:6      | Noticed Dowan
  6394 | D:6      | Noticed Duvessa
  6400 | D:6      | Killed Dowan
  6401 | D:6      | Killed Duvessa
  6401 | D:6      | Reached skill level 1 in Evocations
  6419 | D:6      | Found a radiant altar of Vehumet.
  6442 | D:6      | Lost mutation: Your mind is acute. (Int +2) [potion of mutation]
  6442 | D:6      | Lost mutation: Your tail ends in a poisonous barb. [potion of mutation]
  6442 | D:6      | Lost mutation: You have large cloven feet. [potion of mutation]
  6442 | D:6      | Gained mutation: You can translocate small distances at will. [potion of mutation]
  6442 | D:6      | Gained mutation: You have a pair of small horns on your head. [potion of mutation]
  6442 | D:6      | Gained mutation: Your mind is acute. (Int +2) [potion of mutation]
  6461 | D:6      | Noticed lauthentik's ghost (novice DrCj)
  6469 | D:6      | HP: 1/52 [lauthentik's ghost/magic dart (6)]
  6479 | D:6      | Killed from afar by lauthentik's ghost

Skill      XL: |  1  2  3  4  5  6  7  8 |
---------------+-------------------------+-----
Dodging        | 2 3 |  3.6
Air Magic      | 1 2 3 |  3.9
Spellcasting   | 3 4 5 |  5.5
Poison Magic   | 4 5 6 |  6.5
Conjurations   | 2 3 |  3.6
Invocations    | 1 2 3 |  3.6
Maces & Flails | 1 |  1.0
Evocations     | 1 |  1.4
Fighting       | |  0.7
Short Blades   | |  0.2
Long Blades    | |  0.2
Stealth        | |  1.7

Action                   |  1- 3 |  4- 6 |  7- 9 || total
-------------------------+-------+-------+-------++-------
Melee: Unarmed           |     9 |       |       ||     9
       Spear             |    30 |       |       ||    30
       Tailslap          |     3 |     2 |     5 ||    10
       War axe           |       |    25 |       ||    25
       Flail             |       |       |    44 ||    44
       Scimitar          |       |       |    10 ||    10
       Kick              |       |       |     9 ||     9
       Rapier            |       |       |     6 ||     6
 Cast: Sting             |    31 |    25 |    14 ||    70
       Poisonous Vapours |    12 |    33 |    44 ||    89
       Olgreb's Toxic Ra |       |     3 |     4 ||     7
Invok: Ancestor Identity |       |     1 |       ||     1
  Use: Scroll            |       |     7 |     1 ||     8
       Potion            |       |     1 |     2 ||     3
 Stab: Sleeping          |     1 |       |       ||     1
  Eat: Chunk             |     4 |    10 |     8 ||    22
Armor: Skin              |     8 |    13 |    14 ||    35
Dodge: Dodged            |    18 |    21 |    52 ||    91
       Rpst.: Scimitar   |       |       |     1 ||     1
